Map: [ESL] Inside and Out

Players

Jieshi

  • Race: Protoss Protoss
  • Spawn Location: 1:00

Vindicta - Winner!

  • Race: Terran Terran
  • Spawn Location: 7:00

Event: DreamHack SC2 Masters 2022 Atlanta (Offline)

VOD

Have the link to the VOD?

Description

Time

  • Played on: Nov. 18, 2022, 5:05 p.m.
  • Length: 20:17

All games in this series

Show
View Real Time Build Order
Export as new Build Order

Jieshi Protoss 

Build Orders: 1 Gate Expand, Blink Stalkers, Colossus Rush 

Get SALT Encoding   

  12  0:00  Probe  
  13  0:12  Probe  
  14  0:17  Pylon  
  14  0:25  Probe (Chrono Boost)  
  15  0:36  Gateway  
  15  0:37  Probe (Chrono Boost)  
  16  0:43  Probe (Chrono Boost)  
  16  0:45  Assimilator  
  17  0:51  Probe  
  18  1:03  Probe  
  19  1:15  Probe  
  20  1:24  Cybernetics Core  
  20  1:33  Nexus  
  20  1:38  Pylon  
  20  1:41  Probe  
  21  1:47  Assimilator  
  21  1:53  Probe  
  22  1:58  Adept (Chrono Boost)  
  22  2:01  Warp Gate  
  24  2:05  Probe  
  24  2:17  Probe  
  25  2:23  Twilight Council  
  25  2:26  Adept (Chrono Boost)  
  25  2:29  Probe  
  28  2:33  Shield Battery  
  28  2:43  Probe (Chrono Boost)  
  29  2:44  Probe (Chrono Boost)  
  30  2:54  Blink (Chrono Boost)  
  30  2:56  Probe (Chrono Boost)  
  32  2:58  Probe (Chrono Boost)  
  32  3:01  Probe (Chrono Boost)  
  33  3:05  Probe  
  33  3:08  Gateway  
  33  3:11  Probe  
  35  3:17  Probe  
  36  3:23  Probe  
  36  3:25  Gateway  
  37  3:35  Robotics Facility, Probe  
  37  3:37  Shield Battery, Probe  
  39  3:47  Probe  
  40  3:49  Probe  
  40  3:50  Stalker  
  40  3:53  Pylon  
  41  3:58  Pylon  
  41  3:59  Probe  
  42  4:05  Stalker  
  42  4:06  Pylon  
  42  4:08  Probe  
  45  4:11  Probe  
  45  4:15  Stalker  
  48  4:19  Assimilator  
  48  4:21  Probe  
  48  4:23  Observer, Probe  
  51  4:24  Stalker  
  51  4:29  Stalker  
  55  4:35  Probe x2  
  57  4:44  Nexus  
  57  4:50  Robotics Bay  
  57  4:51  Assimilator  
  57  4:52  Probe  
  56  5:01  Pylon  
  56  5:06  Observer  
  57  5:07  Probe  
  57  5:08  Probe  
  57  5:11  Gateway  
  57  5:12  Charge, Gateway  
  59  5:20  Probe x2  
  61  5:32  Probe x2, Pylon  
  61  5:34  Extended Thermal Lance, Forge  
  61  5:35  Colossus (Chrono Boost)  
  63  5:38  Shield Battery  
  69  5:49  Probe x2  
  71  5:51  Sentry  
  71  6:06  Protoss Ground Weapons Level 1 (Chrono Boost)  
  71  6:10  Gateway  
  71  6:11  Gateway  
  71  6:12  Probe x2  
  71  6:13  Probe  
  76  6:26  Colossus  
  76  6:27  Probe (Chrono Boost)  
  76  6:28  Probe (Chrono Boost)  
  76  6:31  Probe (Chrono Boost), Pylon  
  83  6:34  Pylon  
  83  6:38  Pylon  
  84  6:40  Probe (Chrono Boost)  
  84  6:43  Probe x2 (Chrono Boost)  
  84  6:44  Photon Cannon  
  84  6:45  Observer, Sentry, Probe (Chrono Boost)  
  88  6:48  Zealot, Sentry  
  93  6:57  Photon Cannon  
  93  7:00  Observer, Photon Cannon  
  93  7:02  Zealot  
  93  7:03  Zealot  
  97  7:14  Pylon  
  97  7:17  Zealot x3  
  97  7:19  Colossus (Chrono Boost)  
  109  7:28  Nexus  
  109  7:31  Probe (Chrono Boost)  
  109  7:32  Probe (Chrono Boost), Pylon  
  109  7:35  Observer, Stalker  
  101  7:42  Probe x2 (Chrono Boost)  
  102  7:45  Probe (Chrono Boost)  
  102  7:46  Probe (Chrono Boost)  
  102  7:47  Probe (Chrono Boost)  
  104  7:52  Templar Archives  
  104  7:53  Zealot  
  104  7:54  Probe  
  104  7:55  Observer  
  104  7:57  Probe  
  104  7:58  Probe  
  109  8:05  Stalker x3  
  111  8:06  Probe  
  111  8:09  Probe  
  111  8:10  Protoss Ground Armor Level 1 (Chrono Boost)  
  117  8:15  Probe  
  117  8:17  Warp Prism (Chrono Boost)  
  117  8:18  Probe  
  121  8:21  Probe  
  121  8:23  Gateway  
  122  8:28  Gateway  
  122  8:31  Shield Battery, Photon Cannon, High Templar x2  
  122  8:33  Pylon  
  126  8:36  Archon  
  126  8:37  Zealot  
  126  8:38  Zealot  
  126  8:39  Zealot  
  132  8:48  Zealot  
  132  8:49  Zealot  
  132  8:52  Pylon  
  134  8:59  Zealot x2  
  138  9:04  Disruptor  
  138  9:06  Probe  
  138  9:07  Robotics Facility, Probe x3  
  138  9:08  Observer  
  138  9:09  Pylon  
  145  9:11  Zealot x3  
  151  9:19  Probe  
  152  9:31  Stalker  
  152  9:32  Stalker x6  
  164  9:38  Zealot, Stalker  
  164  9:39  Disruptor  
  164  9:43  Observer  
  160  9:54  Disruptor  
  163  10:01  Observer  
  163  10:06  Nexus  
  163  10:07  Protoss Ground Weapons Level 2 (Chrono Boost)  
  163  10:08  Pylon  
  163  10:09  Probe  
  163  10:10  Assimilator  
  163  10:12  Assimilator  
  163  10:13  Gateway, Assimilator  
  164  10:15  Disruptor, Gateway, Assimilator  
  164  10:21  Probe  
  167  10:31  Observer  
  167  10:33  Photon Cannon  
  167  10:34  Photon Cannon  
  168  10:36  Photon Cannon  
  168  10:37  Shield Battery  
  168  10:38  Shield Battery  
  168  10:39  Pylon  
  162  10:45  Zealot  
  162  10:46  Zealot x3, Stalker x2  
  162  10:47  Zealot x2, Stalker  
  179  10:51  Disruptor  
  182  10:57  Disruptor  
  185  11:12  Stalker  
  185  11:13  Stalker x4  
  185  11:15  Pylon  
  195  11:19  Forge  
  195  11:26  Disruptor  
  195  11:30  Zealot x2  
  199  11:35  Observer  
  199  11:44  Protoss Ground Armor Level 2 (Chrono Boost)  
  199  11:53  Gateway  
  199  11:55  Gateway  
  199  11:57  Gateway  
  199  12:00  Gateway  
  195  12:01  Pylon  
  195  12:06  Observer  
  166  12:14  Zealot x4  
  166  12:15  Zealot x6  
  167  12:16  Zealot  
  167  12:20  Disruptor  
  167  12:21  Disruptor  
  179  12:35  Protoss Ground Weapons Level 3 (Chrono Boost)  
  177  12:40  Probe  
  177  12:42  Dark Shrine  
  177  12:52  Probe  
  177  12:57  Zealot x4, Observer x2  
  177  12:58  Zealot x6  
  199  13:13  Observer  
  199  13:25  Nexus  
  199  13:26  Observer  
  196  13:45  Pylon  
  196  13:48  Pylon  
  196  13:50  Pylon  
  196  13:51  Shadow Stride (Chrono Boost)  
  196  13:52  Photon Cannon  
  196  13:53  Photon Cannon  
  196  13:55  Photon Cannon  
  196  13:57  Shield Battery, Pylon  
  196  13:58  Shield Battery  
  196  13:59  Pylon  
  196  14:00  Protoss Ground Armor Level 3 (Chrono Boost), Pylon  
  196  14:02  Pylon x2  
  196  14:03  Disruptor  
  196  14:08  Photon Cannon  
  198  14:10  Photon Cannon  
  198  14:11  Shield Battery  
  198  14:15  Disruptor  
  199  14:19  Zealot x2  
  199  14:20  Zealot x3  
  199  14:25  Photon Cannon  
  187  14:43  Dark Templar  
  187  14:44  Dark Templar x2  
  187  14:47  Dark Templar x3  
  187  14:51  Disruptor  
  187  14:52  Stalker  
  189  14:53  Stalker  
  153  15:13  Probe (Chrono Boost)  
  154  15:18  Stalker x3  
  154  15:21  Nexus  
  160  15:22  Probe (Chrono Boost)  
  160  15:27  Disruptor  
  164  15:32  Probe (Chrono Boost)  
  164  15:34  Dark Templar x2  
  164  15:35  Dark Templar  
  171  15:41  Probe (Chrono Boost)  
  171  15:42  Robotics Facility  
  166  15:57  Dark Templar  
  166  15:58  Dark Templar, Stalker x2  
  166  15:59  Stalker  
  166  16:02  Disruptor  
  175  16:08  Probe (Chrono Boost)  
  175  16:09  Protoss Shields Level 1 (Chrono Boost)  
  176  16:18  Probe (Chrono Boost)  
  177  16:23  Probe (Chrono Boost)  
  166  16:28  Stalker x3  
  172  16:37  Stalker x2  
  172  16:38  Disruptor  
  172  16:39  Disruptor  
  155  17:14  Disruptor, Zealot  
  155  17:15  Disruptor, Zealot x4  
  157  17:16  Zealot x4  
  163  17:24  Dark Templar x2  
  167  17:31  Dark Templar  
  169  17:40  Dark Templar x3  
  175  17:49  Disruptor  
  175  17:50  Disruptor  
  169  17:53  Dark Templar  
  169  17:56  Dark Templar  
  148  18:09  Stalker x3  
  142  18:29  Zealot x4  
  139  18:46  Stalker  
  133  18:52  Zealot x2  
  88  19:19  Zealot  
  70  19:26  Zealot  
  68  19:35  Zealot  
  68  19:37  Observer  
  56  19:46  Zealot  
  52  19:57  Dark Templar  
  54  20:09  Zealot  
Show
View Real Time Build Order
Export as new Build Order

Vindicta Terran - Winner!

Build Orders:  

Get SALT Encoding   

  12  0:00  SCV  
  13  0:12  SCV  
  14  0:16  Supply Depot  
  14  0:24  SCV  
  15  0:38  SCV  
  15  0:40  Barracks  
  16  0:43  Refinery  
  16  0:50  SCV  
  16  0:53  Refinery  
  17  1:02  SCV  
  18  1:14  SCV  
  19  1:28  Supply Depot  
  19  1:32  Reaper, Orbital Command  
  20  1:48  Factory  
  20  1:57  SCV  
  21  2:09  Barracks Reactor, SCV  
  22  2:21  SCV  
  23  2:30  Command Center  
  23  2:34  SCV  
  24  2:42  Factory Tech Lab, Starport  
  24  2:47  SCV  
  24  2:54  Supply Depot  
  24  2:55  Marine  
  24  2:56  Marine  
  26  3:05  Cyclone  
  29  3:08  SCV  
  29  3:12  Marine  
  30  3:16  Marine  
  32  3:22  SCV  
  32  3:24  Starport Tech Lab  
  33  3:30  Marine  
  33  3:33  Marine  
  35  3:35  SCV, Barracks  
  36  3:48  Raven, Marine  
  39  3:51  SCV  
  41  3:59  Siege Tank  
  44  4:03  SCV  
  44  4:06  Orbital Command  
  44  4:13  Marine x2  
  46  4:17  SCV  
  46  4:19  Supply Depot  
  47  4:29  SCV  
  48  4:31  Siege Tank  
  48  4:36  SCV  
  48  4:37  Barracks  
  51  4:39  Stimpack  
  51  4:42  Marine  
  51  4:44  SCV  
  53  4:46  Marine  
  53  4:48  SCV  
  53  4:49  Starport Reactor  
  55  4:54  Marauder  
  55  4:56  SCV  
  58  5:00  Marine  
  58  5:03  Supply Depot  
  58  5:04  SCV  
  58  5:06  Engineering Bay  
  59  5:08  SCV  
  60  5:14  Refinery  
  60  5:15  Factory Reactor  
  60  5:18  Marine x2  
  60  5:20  Supply Depot  
  62  5:25  Supply Depot, SCV x2  
  62  5:27  Marauder  
  63  5:36  Marine x2  
  63  5:37  SCV x2  
  63  5:40  Combat Shield  
  63  5:42  Marauder  
  69  5:45  Terran Infantry Weapons Level 1  
  69  5:48  Marine  
  69  5:49  SCV  
  70  5:53  SCV  
  70  5:54  Marine  
  70  5:56  Widow Mine  
  74  5:57  Refinery  
  74  6:01  SCV, Medivac  
  74  6:03  Marauder  
  79  6:05  SCV  
  79  6:09  Widow Mine  
  82  6:11  Marine  
  82  6:14  Supply Depot  
  82  6:15  SCV  
  82  6:17  Marauder  
  86  6:23  Supply Depot  
  86  6:30  Concussive Shells  
  86  6:35  Medivac  
  86  6:38  Command Center  
  86  6:39  SCV  
  91  6:42  SCV  
  92  6:48  Medivac, Marauder  
  92  6:51  SCV  
  92  6:53  Marauder  
  97  6:54  Supply Depot  
  97  6:55  SCV  
  97  6:56  Factory Tech Lab  
  97  7:01  Supply Depot  
  98  7:02  Marine  
  98  7:03  SCV  
  100  7:10  Marauder  
  101  7:15  Siege Tank  
  101  7:16  Supply Depot  
  101  7:21  SCV  
  105  7:23  Marine  
  105  7:27  Barracks  
  105  7:28  Barracks  
  106  7:35  Marauder  
  106  7:36  SCV  
  105  7:39  SCV, Terran Infantry Armor Level 1  
  105  7:43  Viking x2  
  110  7:45  Marine  
  110  7:46  Marauder  
  110  7:48  Marine  
  114  7:51  Siege Tank  
  114  7:52  SCV  
  118  7:59  SCV, Bunker  
  118  8:04  SCV  
  120  8:06  Orbital Command  
  120  8:07  Marauder  
  120  8:09  Marauder  
  120  8:10  Marine  
  123  8:14  Viking  
  123  8:17  SCV x2  
  127  8:22  Barracks Tech Lab  
  127  8:23  Marine x2  
  127  8:25  Siege Tank  
  132  8:28  Marine  
  132  8:29  Marauder  
  132  8:31  SCV  
  132  8:32  Refinery  
  136  8:34  Supply Depot  
  136  8:35  SCV  
  136  8:36  Marine x2  
  140  8:43  SCV, Refinery  
  140  8:45  Ghost Academy  
  140  8:50  Sensor Tower  
  140  8:52  SCV  
  140  8:53  Missile Turret  
  141  8:58  SCV  
  146  9:02  Siege Tank  
  146  9:04  Medivac  
  146  9:05  Medivac  
  146  9:07  SCV  
  146  9:08  SCV  
  146  9:09  Marine  
  153  9:10  Missile Turret, Marauder, Marine  
  153  9:17  SCV  
  155  9:18  Missile Turret, Marauder  
  155  9:22  Enhanced Shockwaves  
  157  9:27  Bunker  
  158  9:31  Supply Depot  
  158  9:33  Ghost  
  160  9:50  Medivac x2  
  162  9:54  Command Center  
  162  9:57  SCV  
  165  10:01  SCV, Armory  
  165  10:02  Engineering Bay  
  165  10:04  SCV  
  167  10:10  Siege Tank  
  168  10:15  Supply Depot  
  168  10:16  Supply Depot  
  168  10:18  Ghost  
  168  10:20  SCV, Missile Turret  
  173  10:28  Viking  
  173  10:36  Ghost  
  173  10:37  Viking  
  173  10:42  Siege Tank  
  177  10:47  Ghost  
  179  10:52  SCV  
  180  10:58  Liberator  
  180  10:59  Terran Infantry Weapons Level 2  
  180  11:01  Terran Vehicle Weapons Level 1  
  180  11:03  SCV x2  
  183  11:04  SCV  
  184  11:14  Liberator  
  184  11:16  Missile Turret  
  189  11:25  Marine  
  188  11:33  Marauder  
  188  11:37  Planetary Fortress  
  188  11:38  Engineering Bay  
  190  11:40  Engineering Bay, Marauder  
  190  11:44  Marauder, Marine x2  
  196  11:51  Refinery x2  
  196  11:52  Marine x2  
  198  11:54  Marauder  
  198  12:00  Sensor Tower  
  196  12:10  Viking x2  
  198  12:17  SCV, Starport  
  198  12:18  Barracks  
  198  12:20  Fusion Core  
  198  12:21  Barracks  
  199  12:39  Supply Depot  
  199  12:41  Terran Infantry Armor Level 2  
  199  12:42  Supply Depot  
  199  12:43  Supply Depot  
  199  12:45  Supply Depot  
  199  12:46  Supply Depot  
  199  12:55  Starport Reactor  
  199  12:56  Missile Turret  
  199  12:58  Terran Ship Weapons Level 1  
  199  12:59  Fusion Core  
  195  13:06  Marauder x2  
  195  13:07  Barracks  
  195  13:10  Barracks  
  199  13:15  SCV  
  199  13:18  SCV  
  199  13:27  Marine  
  199  13:32  Terran Infantry Weapons Level 3  
  198  13:44  Liberator  
  198  13:45  Advanced Ballistics  
  198  13:48  Rapid Reignition System  
  196  13:50  Barracks, Marauder  
  196  13:51  Marauder  
  196  13:53  Barracks  
  200  13:58  Command Center  
  200  14:00  Command Center  
  200  14:03  Command Center  
  199  14:19  Marauder  
  199  14:22  SCV x2  
  200  14:28  Marine  
  200  14:29  Marauder  
  200  14:30  Medivac  
  200  14:31  Marauder, Marine  
  199  14:33  Marine  
  199  14:36  Medivac  
  199  14:37  Liberator  
  199  14:40  Medivac, Ghost  
  199  14:44  Barracks Tech Lab  
  200  14:48  Marine  
  200  14:49  Marine  
  200  14:50  Marauder  
  200  14:54  Terran Ship Weapons Level 2  
  198  15:00  Viking  
  174  15:08  Ghost  
  174  15:09  Liberator  
  174  15:10  Marauder, Marine  
  174  15:11  Marauder, Marine, Ghost  
  174  15:12  Orbital Command x2  
  165  15:14  Liberator  
  165  15:20  Liberator  
  169  15:23  Terran Infantry Armor Level 3  
  169  15:29  Refinery  
  169  15:31  Marauder  
  169  15:32  Refinery, Marine  
  169  15:33  Missile Turret, Sensor Tower, Marine  
  175  15:36  Liberator  
  175  15:40  Marauder  
  174  15:44  Sensor Tower  
  174  15:47  Missile Turret  
  172  15:51  Liberator  
  172  15:53  Marauder  
  171  16:02  Marauder, Marine  
  171  16:03  Viking, Marauder  
  178  16:11  Siege Tank  
  177  16:18  Viking  
  177  16:20  SCV, Marine  
  177  16:21  Marauder, Marine  
  182  16:26  Neosteel Armor  
  182  16:28  Missile Turret  
  182  16:31  Refinery  
  182  16:32  Marine x2  
  182  16:34  Sensor Tower, Planetary Fortress  
  182  16:37  Liberator, SCV  
  183  16:41  Marine  
  183  16:42  Marauder  
  178  17:08  SCV x2  
  180  17:10  Medivac  
  180  17:11  Medivac, Marauder  
  180  17:12  Marauder, Marine  
  180  17:14  Marine x2  
  180  17:15  SCV, Marauder x2  
  195  17:16  SCV, Medivac  
  195  17:22  Marine  
  200  17:25  Missile Turret  
  200  17:26  Sensor Tower  
  195  17:31  Marine x2  
  195  17:32  Marine  
  195  17:33  Marauder  
  192  17:45  Marine x2  
  192  17:46  Liberator, Marauder x3  
  192  17:49  Marine  
  197  17:51  Marine x2  
  197  17:53  Liberator  
  197  17:54  Marine  
  193  18:03  Marine x2  
  182  18:07  Marauder x3, Marine  
  182  18:08  Liberator  
  182  18:09  Liberator, Marine x2  
  196  18:12  Marauder  
  196  18:14  SCV  
  182  18:21  Marine  
  182  18:22  Marine  
  182  18:25  Orbital Command, Marine  
  171  18:27  Marine x2  
  171  18:28  Refinery, Marauder  
  171  18:29  Liberator, SCV  
  171  18:30  SCV  
  171  18:33  Marine  
  185  18:36  Liberator  
  185  18:41  SCV  
  187  18:42  SCV x2  
  187  18:44  SCV  
  187  18:45  Supply Depot x2  
  180  19:07  Liberator, Medivac  
  185  19:15  Marauder, Marine x3  
  185  19:16  Marauder x2  
  145  19:17  Medivac  
  145  19:19  Marauder, Marine x2  
  133  19:25  SCV  
  132  19:32  SCV x3  
  132  19:33  SCV, Marine x3  
  132  19:36  Marine  
  132  19:37  Marauder x2  
  139  19:41  Marauder  
  139  19:42  Marine x2  
  139  19:43  Orbital Command  
  136  19:50  Marine  
  136  19:51  Marine x2  
  130  19:55  Marauder  
  130  19:56  Widow Mine  
  130  19:58  Marine  
  129  20:01  SCV  
Tags
 
Add a new tag
Caveats
  • Supply blocks, unpowered buildings, or Contaminate may cause inaccurate times.
  • Supply counts are checked every 10 seconds.